 Dungeon Crawl Stone Soup version 0.28.0-43-g3370ac3207 (webtiles) character file.

Game seed: 17587293848185326705

5899 saw2855 the Cleaver (level 10, -2/90 HPs)
             Began as a Minotaur Berserker on Mar 13, 2022.
             Was an Elder of Trog.
             Slain by a yak (8 damage)
             ... on level 1 of the Lair of Beasts.
             The game lasted 00:34:02 (9408 turns).

saw2855 the Cleaver (Minotaur Berserker)            Turns: 9408, Time: 00:34:03

Health: -2/90      AC: 14    Str: 27    XL:     10   Next: 53%
Magic:  0/18       EV:  9    Int: 11    God:    Trog [****..]
Gold:   466        SH:  0    Dex:  9    Spells: 9/9 levels left

rFire   . . .      SeeInvis .   t - +5 mace of Awkwardness {flame, MP+9 Int+7}
rCold   . . .      Faith    .   (no shield)
rNeg    . . .      Spirit   +   e - +0 chain mail
rPois   .          Reflect  .   (helmet restricted)
rElec   .          Harm     .   r - +0 cloak
rCorr   +          Rampage  .   g - +0 pair of gloves
Will    .....                   (no boots)
Stlth   ..........              n - amulet of guardian spirit
HPRegen 0.25/turn               b - ring of resist corrosion
MPRegen 0.16/turn               (no ring)

@: on berserk cooldown, slowed, very slow
A: horns 2, retaliatory headbutt
a: Renounce Religion, Berserk, Trog's Hand, Brothers in Arms


You were on level 1 of the Lair of Beasts.
You worshipped Trog.
Trog was greatly pleased with you.
You visited 3 branches of the dungeon, and saw 10 of its levels.

You collected 466 gold pieces.

Inventory:

Hand Weapons
 a - a +6 spectral hand axe
 t - the +5 mace of Awkwardness (weapon) {flame, MP+9 Int+7}
   (You found it on level 6 of the Dungeon)

   It burns those it strikes, dealing additional fire damage.
   Int:       It affects your intelligence (+7).
   MP:        It affects your magic capacity (+9).
Missiles
 l - 4 javelins
 s - a throwing net (quivered)
Armour
 e - a +0 chain mail (worn)
 g - a +0 pair of gloves (worn)
 r - a +0 cloak (worn)
Jewellery
 b - a ring of resist corrosion (left hand)
 n - an amulet of guardian spirit (around neck)
Wands
 p - a wand of digging (12)
 q - a wand of flame (14)
 u - a wand of mindburst (9)
Scrolls
 d - 3 scrolls of magic mapping
 w - a scroll of fear
Potions
 c - a potion of cancellation
 f - 2 potions of resistance
 h - 2 potions of flight
 i - a potion of mutation {unknown}
 j - 2 potions of haste
 k - 3 potions of curing
 m - 4 potions of might
 o - a potion of invisibility {unknown}
 x - a potion of magic {unknown}


   Skills:
 + Level 8.4 Fighting
 - Level 11.2(12.5) Axes
 * Level 9.0(11.5) Maces & Flails
 - Level 0.2(7.0) Polearms
 + Level 1.4 Throwing
 + Level 10.0 Armour
 + Level 3.6 Dodging
 + Level 0.5 Stealth


You had 9 spell levels left.
You didn't know any spells.
Your spell library was empty.

Dungeon Overview and Level Annotations

Branches:
Dungeon (8/15)             Temple (1/1) D:7            Lair (1/6) D:8

Altars:
Cheibriados
Dithmenos
Elyvilon
Fedhas
Gozag
Hepliaklqana
Kikubaaqudgha
Makhleb
Nemelex Xobeh
Okawaru
Qazlal
Ru
Sif Muna
Trog
Uskayaw
Vehumet
Wu Jian
Xom
Yredelemnul
Zin
The Shining One


Innate Abilities, Weirdness & Mutations

You have a pair of horns on your head.
You reflexively headbutt those who attack you in melee.


Message History

You kill the yak!
Trog accepts your kill. The black mamba closely misses you.
The yak closely misses you.
Your Armour skill increases to level 10!
You closely miss the yak.
The yak is heavily wounded.
The black mamba barely misses you. The yak gores you.
* * * LOW HITPOINT WARNING * * *
The yak gores you but does no damage.
You thump the yak! You burn the yak.
The yak is almost dead.
You are no longer berserk.
You are exhausted.
You feel yourself slow down. The black mamba bites you!
* * * LOW HITPOINT WARNING * * *
The yak gores you but does no damage.
You feel much better.
The black mamba bites you but does no damage. x2
The yak gores you but does no damage. The yak gores you!
The yak closely misses you. x2
The black mamba bites you but does no damage.
The yak gores you.
You closely miss the black mamba. Your headbutt misses the black mamba.
The black mamba bites you. The yak gores you but does no damage.
The yak closely misses you. The black mamba barely misses you.
The yak gores you but does no damage.
You hit the black mamba. You burn the black mamba.
Your headbutt misses the black mamba.
The black mamba is lightly wounded.
The black mamba bites you!
* * * LOW HITPOINT WARNING * * *
The yak gores you!
* * * LOW HITPOINT WARNING * * *
The yak gores you!
* * * LOW HITPOINT WARNING * * *
The yak gores you but does no damage. The black mamba closely misses you.
You furiously retaliate!
You headbutt the black mamba, but do no damage.
The yak gores you!
You die...

####.####
#.......#
#.......#
#.......#
#.......#
#.......#
#..†....#
#.Y@....#
#.YYS...#
#.......#
#.......#
#.......#
#.......#
#.......#
#.......#


You could see a black mamba and 3 yaks.

Vanquished Creatures
  Erica (D:8)
  A centaur warrior (D:8)
  A komodo dragon (D:8)
  A troll (D:8)
  Prince Ribbit (D:8)
  A basilisk (Lair:1)
  Eustachio (D:4)
  2 yaks
  2 steam dragons (D:6)
  Menkaure (D:6)
  An acid dragon (D:8)
  Duvessa (D:5)
  5 water moccasins
  2 black bears
  Pargi (D:3)
  An orc warrior (D:7)
  An ice beast (D:8)
  A centaur (D:6)
  A necrophage (D:4)
  A phantom (D:5)
  2 kobold brigands
  5 bullfrogs
  2 scorpions (D:6)
  3 wyvern skeletons (D:6)
  Dowan (D:5)
  5 wights
  A bullfrog zombie (D:6)
  A howler monkey (D:8)
  A centaur zombie (D:8)
  A jelly (D:6)
  2 hounds
  A bullfrog skeleton (D:4)
  2 orc priests (D:5)
  Crazy Yiuf (D:6)
  Jessica (D:2)
  A gnoll shaman (D:4)
  Ijyb (D:3)
  2 iguanas
  2 orc wizards
  A hound skeleton (D:4)
  5 adders
  6 gnolls (D:4)
  A white imp (D:7)
  An adder skeleton (D:4)
  4 worms
  15 orcs
  8 ball pythons
  3 bats
  7 endoplasms
  4 giant cockroaches
  6 hobgoblins
  4 jackals (D:4)
  14 kobolds
  5 quokkas
  6 frilled lizards
  12 goblins
  4 rats
168 creatures vanquished.

Vanquished Creatures (others)
  29 fungi (D:8)
  27 plants (D:8)
56 creatures vanquished.

Grand Total: 224 creatures vanquished

Notes
Turn   | Place    | Note
-------+----------+-------------------------------------------
     0 | D:1      | saw2855 the Minotaur Berserker began the quest for the Orb.
     0 | D:1      | Reached XP level 1. HP: 19/19 MP: 0/0
   272 | D:1      | Reached XP level 2. HP: 27/27 MP: 1/1
   279 | D:1      | Reached skill level 4 in Axes
   401 | D:1      | Found a faded altar of an unknown god.
  1176 | D:2      | Reached XP level 3. HP: 34/34 MP: 2/2
  1426 | D:2      | Found a shimmering altar of Xom.
  1478 | D:2      | Reached XP level 4. HP: 41/41 MP: 3/3
  1710 | D:2      | Reached ** piety under Trog
  1796 | D:2      | You fall into a shaft and drop 2 floors!
  1828 | D:4      | Reached skill level 5 in Axes
  1882 | D:4      | Noticed a necrophage
  1894 | D:4      | Killed a necrophage
  1895 | D:4      | Reached XP level 5. HP: 35/47 MP: 4/4
  2110 | D:2      | Noticed Jessica
  2115 | D:2      | Killed Jessica
  2116 | D:2      | Reached skill level 5 in Fighting
  2167 | D:3      | Noticed Pargi
  2177 | D:3      | Killed Pargi
  2178 | D:3      | Reached skill level 6 in Axes
  2178 | D:3      | Reached XP level 6. HP: 49/56 MP: 5/5
  2421 | D:3      | Noticed Ijyb
  2434 | D:3      | Paralysed by Ijyb for 5 turns
  2440 | D:3      | Killed Ijyb
  3277 | D:4      | Noticed Eustachio
  3288 | D:4      | Killed Eustachio
  3289 | D:4      | Reached skill level 7 in Axes
  3289 | D:4      | Reached skill level 5 in Armour
  3289 | D:4      | Reached XP level 7. HP: 48/61 MP: 3/6
  3789 | D:4      | Reached *** piety under Trog
  3886 | D:5      | Entered Level 5 of the Dungeon
  4028 | D:5      | Noticed Duvessa
  4028 | D:5      | Noticed Dowan
  4036 | D:5      | Killed Duvessa
  4037 | D:5      | Reached skill level 8 in Axes
  4037 | D:5      | Killed Dowan
  4178 | D:5      | Reached XP level 8. HP: 51/70 MP: 4/7
  4361 | D:5      | Reached skill level 9 in Axes
  5456 | D:6      | Reached skill level 10 in Axes
  5749 | D:6      | Noticed Menkaure
  5755 | D:6      | Killed Menkaure
  6142 | D:6      | Reached skill level 11 in Axes
  6142 | D:6      | Reached XP level 9. HP: 65/78 MP: 5/8
  6366 | D:6      | Found a runed translucent door.
  6367 | D:6      | Noticed Crazy Yiuf
  6372 | D:6      | Killed Crazy Yiuf
  6377 | D:6      | Identified the +5 mace of Awkwardness {flame, MP+9 Int+7}
  6571 | D:7      | Reached **** piety under Trog
  6577 | D:7      | Reached skill level 1 in Maces & Flails
  7011 | D:7      | Found a staircase to the Ecumenical Temple.
  7023 | Temple   | Entered the Ecumenical Temple
  7303 | D:7      | Identified the +1 leather armour "Saedgh" {-Tele rElec rF+}
  7679 | D:8      | Reached skill level 1 in Throwing
  8085 | D:8      | Noticed a komodo dragon
  8087 | D:8      | Reached skill level 5 in Maces & Flails
  8091 | D:8      | Found a staircase to the Lair.
  8097 | D:8      | Killed a komodo dragon
  8162 | D:8      | Reached XP level 10. HP: 41/88 MP: 9/9
  8585 | D:8      | Noticed Prince Ribbit
  8592 | D:8      | Killed Prince Ribbit
  8742 | D:8      | Noticed a centaur warrior
  8750 | D:8      | Killed a centaur warrior
  9018 | D:8      | Noticed Erica
  9034 | D:8      | Killed Erica
  9384 | Lair:1   | Entered Level 1 of the Lair of Beasts
  9384 | Lair:1   | Noticed a black mamba
  9404 | Lair:1   | Reached skill level 10 in Armour
  9408 | Lair:1   | Slain by a yak

Illustrated notes

Levels and vault maps discovered:
D:1:      amcnicky_arrival_wind_blow, layout_loops_ring,
          hellmonk_ecumenical_altar_crossroads, minmay_misc_feat_hallway
D:2:      layout_loops_ring, basic_altar, kennysheep_jessica_study
D:3:      kennysheep_the_goblin_king, layout_basic, minmay_puff, uniq_pargi,
          uniq_ijyb
D:4:      layout_rooms, uniq_eustachio
D:5:      layout_loops_ring, grunt_ministairs_13, uniq_duvessa
D:6:      cheibrodos_steamvent, layout_basic, uniq_menkaure,
          uniq_crazy_yiuf_cottage
D:7:      layout_basic, temple_green
D:8:      minmay_cornered_nines, layout_basic, due_lair_maze_entry_diamond,
          uniq_erica, uniq_prince_ribbit1
Temple:   nicolae_temple_the_god_donut
Lair:1:   layout_big_grid, grunt_megastairs_4, uniq_harold

Skill      XL: |  1  2  3  4  5  6  7  8  9 10 |
---------------+-------------------------------+-----
Axes           | 4 5 6 7 8 11 | 11.2
Fighting       | 4 5 6 8 |  8.4
Armour         | 3 4 5 6 7 9 10 | 10.0
Dodging        | 3 |  3.6
Maces & Flails | 6 9 |  9.0
Throwing       | 1 |  1.4
Polearms       | |  0.2
Stealth        | |  0.5

Action                   |  1- 3 |  4- 6 |  7- 9 | 10-12 || total
-------------------------+-------+-------+-------+-------++-------
Melee: Hand axe          |    55 |   104 |   128 |       ||   287
       Headbutt          |     8 |    15 |    34 |     7 ||    64
       Punch             |       |     2 |     2 |       ||     4
       Halberd           |       |    11 |       |       ||    11
       Mace              |       |       |    93 |    39 ||   132
Throw: Javelin           |       |       |     5 |       ||     5
       Throwing net      |       |       |     3 |     2 ||     5
Invok: Berserk           |       |     1 |     5 |     1 ||     7
  Use: Scroll            |     1 |     6 |    12 |     1 ||    20
       Potion            |       |       |       |     1 ||     1
Armor: Animal skin       |     2 |       |       |       ||     2
       Chain mail        |    22 |    52 |   121 |    53 ||   248
Dodge: Dodged            |    25 |    51 |    95 |    28 ||   199
